 Dungeon Crawl Stone Soup version 0.25.0-9-g26727b657a (webtiles) character file.

Game seed: 7978904976069448453

19056 Ge0ff the Severer (level 12, -3/112 HPs)
             Began as a Hill Orc Gladiator on June 21, 2020.
             Was an Elder of the Shining One.
             Splashed by an acid dragon's acid (13 damage)
             ... on level 13 of the Dungeon.
             The game lasted 00:41:10 (18801 turns).

Ge0ff the Severer (Hill Orc Gladiator)             Turns: 18801, Time: 00:41:11

Health: -3/112     AC: 16    Str: 22    XL:     12   Next: 65%
Magic:  4/17       EV:  9    Int:  8    God:    the Shining One [****..]
Gold:   608        SH:  0    Dex: 12    Spells: 11/11 levels left

rFire    . . .     SeeInvis .   a - +3 battleaxe
rCold    + . .     Gourm    .   (shield currently unavailable)
rNeg     + + +     Faith    .   u - +0 plate armour
rPois    .         Spirit   .   Q - +2 hat
rElec    .         Reflect  .   J - +0 cloak
rCorr    .         Harm     .   I - +1 pair of gloves
MR       +....     Clarity  +   A - +0 pair of boots
Stlth    ..........             (no amulet)
HPRegen  0.28/turn              x - ring of positive energy {=R}
MPRegen  0.15/turn              C - ring of protection from cold

@: corroded, very slightly contaminated, slowed, glowing, very slow
A: hooves 1, blurry vision 1, clarity, magic resistance 1
a: Divine Shield, Cleansing Flame, Renounce Religion


You were on level 13 of the Dungeon.
You worshipped the Shining One.
The Shining One was greatly pleased with you.
You were hungry.

You visited 2 branches of the dungeon, and saw 14 of its levels.
You also visited: Ossuary.

You collected 608 gold pieces.

Inventory:

Hand Weapons
 a - a +3 battleaxe (weapon)
 b - a +1 war axe of flaming
 w - a +1 antimagic dagger
 E - a +4 morningstar
 O - a +3 battleaxe
 S - the +1 flail of Abomination {vorpal, rPois rF+ Dex+4}
   (You took it off an orc warrior on level 5 of the Dungeon)

   It inflicts extra damage upon your enemies.
   It affects your dexterity (+4).
   It protects you from fire.
   It protects you from poison.
Missiles
 g - 2 throwing nets {=f}
 q - 3 datura-tipped darts {=f}
 s - 2 silver boomerangs
 t - 69 poisoned darts
 D - 20 boomerangs (quivered)
 Z - 6 silver javelins
Armour
 c - a +0 helmet
 l - a +0 troll leather armour
 u - a +0 plate armour (worn)
 A - a +0 pair of boots (worn)
 I - a +1 pair of gloves (worn)
 J - a +0 cloak (worn)
 N - the +4 chain mail "Woradgh" {Regen+}
   (You took it off an orc warrior on level 5 of the Dungeon)

   It increases your rate of regeneration.
 Q - a +2 hat (worn)
 U - a +0 helmet of intelligence
Jewellery
 x - a ring of positive energy (left hand) {=R}
 C - a ring of protection from cold (right hand)
 G - an uncursed ring of flight
Wands
 f - a wand of flame (26)
 p - a wand of paralysis (1)
 P - a wand of polymorph (13)
Scrolls
 i - a scroll of identify
 m - 3 scrolls of magic mapping
 y - a scroll of immolation
 B - 2 scrolls of blinking
 F - 4 scrolls of fog
 L - 2 scrolls of enchant weapon
 R - 4 scrolls of noise
 T - 2 scrolls of teleportation
 Y - 4 scrolls of enchant armour
Potions
 o - a potion of ambrosia
 z - a potion of brilliance
 H - a potion of haste {!q}
 K - 3 potions of magic {!q}
 M - a potion of might
 V - 4 potions of stabbing
 X - a potion of flight
Comestibles
 n - 5 chunks of flesh
 r - 19 rations


   Skills:
 * Level 11.8 Fighting
 + Level 16.5 Axes
 - Level 2.0 Throwing
 + Level 7.8 Armour
 - Level 5.0 Dodging
 + Level 7.1 Invocations
 + Level 6.3 Evocations


You had 11 spell levels left.
You didn't know any spells.
Your spell library contained the following spells:

 Spells                   Type           Power        Failure   Level  Hunger
 Shock                    Conj/Air       #...         100%        1    ##.....
 Swiftness                Chrm/Air       #.......     100%        2    ###....
 Static Discharge         Conj/Air       #.......     100%        3    ####...
 Airstrike                Air            #.........   100%        4    #####..
 Lightning Bolt           Conj/Air       #.........   100%        5    ######.


Dungeon Overview and Level Annotations

Branches:
Dungeon (13/15)            Temple (1/1) D:7            Lair (0/6) D:11
    Orc (0/2) D:10        Ossuary (visited)
 Vaults: D:13-14

Altars:
Ashenzari
Cheibriados
Dithmenos
Elyvilon
Fedhas
Gozag
Hepliaklqana
Kikubaaqudgha
Makhleb
Nemelex Xobeh
Okawaru
Qazlal
Ru
Sif Muna
Trog
Uskayaw
Vehumet
Wu Jian
Xom
Yredelemnul
Zin
The Shining One
Beogh


Innate Abilities, Weirdness & Mutations

You have large cloven feet.
Scrolls take you a little longer to read.
You possess an exceptional clarity of mind.
You are resistant to hostile enchantments. (MR+)


Message History

The bullfrog gives a loud, deep croak!
The bullfrog zombie completely misses you.
The crimson imp blinks!
The cyclops throws a large rock.
The large rock barely misses you.
You begin reading the scroll.
You continue reading the scroll.
The bullfrog zombie barely misses you.
The bullfrog zombie hits you but does no damage.
The deep elf mage gestures wildly while chanting.
The cyclops throws a large rock.
The large rock hits you.
* * * LOW HITPOINT WARNING * * *
As you read the scroll of fog, it crumbles to dust.
The scroll dissolves into smoke.
Really read with blurry vision while enemies are nearby?
The bullfrog zombie barely misses you. The acid dragon spits acid at you.
The splash of acid hits you! The Shining One protects you from harm!
The acid corrodes you!
You are splashed with acid!
You die...

. #......#.u.....#
#
##..>...###.....##
♣
##......###.#...##
..#......###.###.##
..z.......#C###.##
...........#.#.#
.......§....#e## #
.....§§§§....#u## z
z..F..§@§D..###.# .
....5.§Z§..## ##.#
. .....§§..§## #.#
. ....(...T## #.# .
#......... ##
##.....###O #.....#
. ....## .


You could see 2 skeletal warriors, a two-headed ogre, a cyclops, a deep elf
mage, a troll, an acid dragon (catching breath), a bullfrog, a crimson imp and a
bullfrog zombie.

Vanquished Creatures
  A tengu warrior (D:13)
  2 ugly things (D:11)
  The ghost of Majang the Chiller, a novice BaIE of Vehumet (D:6)
  2 cyclopes
  Joseph (D:7)
  A gargoyle (D:10)
  The ghost of jeanjacques the Chopper, an amateur DDFi (D:7)
  A tengu conjurer (D:12)
  4 trolls
  A merfolk (D:10)
  The ghost of MordorOrchid the Sneak, a novice VSEn (D:3)
  A hornet (D:10)
  Grinder (D:5)
  A hippogriff (D:9)
  A vampire (D:9)
  24 yaks
  4 wraiths
  3 hungry ghosts
  2 steam dragons
  A soldier ant (D:12)
  3 wargs
  4 sky beasts
  2 water moccasins (D:6)
  6 orc warriors
  A black bear (D:12)
  2 hornet zombies
  A swamp drake (D:7)
  5 ice beasts
  An eye of draining (D:11)
  7 ogres
  A necrophage (D:11)
  2 phantoms (D:10)
  7 centaurs
  A crocodile (D:11)
  A big kobold (D:10)
  6 bullfrogs
  A gnoll sergeant (D:6)
  A wyvern skeleton (D:10)
  2 scorpions
  6 killer bees
  11 wights
  3 howler monkeys
  A crimson imp (D:7)
  3 centaur zombies
  2 human zombies (Ossuary)
  3 bullfrog zombies
  14 orc priests
  4 jellies
  2 quasits
  3 bullfrog skeletons
  A gnoll shaman (D:4)
  4 hounds
  15 orc wizards
  6 centaur skeletons
  Ijyb (D:3)
  5 iguanas
  4 worker ants
  A statue (D:7)
  A killer bee zombie (D:9)
  2 big kobold zombies (Ossuary)
  A hound skeleton (D:8)
  2 mummies (Ossuary)
  Robin (D:2)
  13 gnolls
  2 howler monkey skeletons
  12 adders
  5 shadow imps
  An ooze (D:3)
  An adder skeleton (D:7)
  2 adder zombies
  3 worms
  4 dart slugs
  6 leopard geckos
  60 orcs
  3 giant cockroaches
  14 goblins
  7 hobgoblins
  7 jackals
  12 kobolds
  4 quokkas
  4 bats
  8 frilled lizards
  10 hobgoblin zombies (Ossuary)
  A jackal skeleton (D:4)
  A jackal zombie (Ossuary)
  9 kobold zombies (Ossuary)
  7 orc zombies (Ossuary)
  3 quokka skeletons
  9 rats
  4 rat zombies (Ossuary)
416 creatures vanquished.

Vanquished Creatures (others)
  A deep elf mage (D:13)
1 creature vanquished.

Grand Total: 417 creatures vanquished

Notes
Turn   | Place    | Note
-------+----------+-------------------------------------------
     0 | D:1      | Ge0ff the Hill Orc Gladiator began the quest for the Orb.
     0 | D:1      | Reached XP level 1. HP: 18/18 MP: 1/1
   243 | D:1      | Reached XP level 2. HP: 22/25 MP: 2/2
   357 | D:1      | Reached skill level 1 in Armour
   468 | D:1      | Reached skill level 5 in Axes
   557 | D:1      | Reached XP level 3. HP: 30/30 MP: 3/3
   926 | D:2      | Noticed Robin
   948 | D:2      | Killed Robin
  1183 | D:2      | Reached XP level 4. HP: 34/37 MP: 4/4
  1556 | D:2      | Reached skill level 6 in Axes
  2239 | D:2      | Reached XP level 5. HP: 15/44 MP: 5/5
  3643 | D:3      | Found a stormy altar of Qazlal.
  3734 | D:3      | Reached skill level 7 in Axes
  3860 | D:3      | Reached XP level 6. HP: 49/51 MP: 6/6
  4043 | D:3      | Reached skill level 8 in Axes
  4333 | D:3      | Found a runed translucent gate.
  4333 | D:3      | Found a runed translucent gate.
  4333 | D:3      | Found a runed translucent gate.
  4333 | D:3      | Noticed MordorOrchid's ghost (novice VSEn)
  4706 | D:3      | Noticed Ijyb
  4723 | D:3      | Killed Ijyb
  4963 | D:4      | Reached XP level 7. HP: 50/57 MP: 7/7
  5081 | D:4      | Reached skill level 9 in Axes
  5233 | D:4      | Reached skill level 1 in Evocations
  5859 | D:4      | Found an ornate altar of the Wu Jian Council.
  5951 | D:5      | Entered Level 5 of the Dungeon
  6128 | D:5      | Reached XP level 8. HP: 14/66 MP: 9/9
  6459 | D:4      | Reached skill level 10 in Axes
  6977 | D:5      | Noticed Grinder
  6990 | D:5      | Killed Grinder
  7035 | D:5      | Found a basalt altar of Yredelemnul.
  7200 | D:5      | Reached skill level 5 in Fighting
  7705 | D:6      | Found a sand-covered staircase.
  7723 | D:6      | Reached skill level 11 in Axes
  7740 | Ossuary  | Entered an ossuary
  8249 | D:5      | Reached XP level 9. HP: 42/75 MP: 11/11
  8505 | D:6      | Reached skill level 12 in Axes
  9717 | D:6      | Found a runed translucent gate.
  9717 | D:6      | Noticed Majang's ghost (novice BaIE)
  9720 | D:6      | Found a runed translucent gate.
  9721 | D:6      | Found a runed translucent gate.
  9722 | D:6      | Identified the cursed +1 flail of Abomination {vorpal,
                  | rPois rF+ Dex+4}
  9722 | D:6      | Identified the +4 chain mail "Woradgh" {Regen+}
  9728 | D:6      | Found a roughly hewn altar of Beogh.
  9925 | D:6      | Reached skill level 13 in Axes
 10301 | D:7      | Noticed Maggie
 10586 | D:7      | Found a burning altar of Makhleb.
 10680 | D:7      | Found a radiant altar of Vehumet.
 10697 | D:7      | Found a staircase to the Ecumenical Temple.
 10702 | D:7      | Noticed Maggie
 10702 | D:7      | Maggie changed into Maggie the swamp drake
 10705 | D:7      | Killed Maggie the swamp drake
 10716 | Temple   | Entered the Ecumenical Temple
 11307 | D:7      | Reached XP level 10. HP: 81/88 MP: 12/12
 11400 | D:7      | Found a runed translucent gate.
 11401 | D:7      | Found a runed translucent gate.
 11413 | D:7      | Found a runed translucent gate.
 11416 | D:7      | Noticed jeanjacques's ghost (amateur DDFi)
 11494 | D:7      | Noticed Joseph
 11496 | D:7      | Found a shadowy altar of Dithmenos.
 11503 | D:7      | Killed Joseph
 11503 | D:7      | Reached skill level 14 in Axes
 11520 | D:7      | Found a shimmering altar of Xom.
 11524 | D:7      | Found a glowing golden altar of the Shining One.
 11530 | D:7      | Became a worshipper of the Shining One
 11747 | D:3      | Killed MordorOrchid's ghost
 11886 | D:5      | Reached skill level 5 in Armour
 12095 | D:6      | Killed Majang's ghost
 12456 | D:7      | Killed jeanjacques's ghost
 12645 | D:8      | Reached * piety under the Shining One
 12679 | D:8      | Reached skill level 1 in Invocations
 13258 | D:9      | Reached skill level 5 in Evocations
 13259 | D:9      | Reached skill level 15 in Axes
 13532 | D:9      | Reached XP level 11. HP: 97/97 MP: 14/14
 14278 | D:10     | Entered Level 10 of the Dungeon
 14341 | D:10     | Paralysed by a hornet for 2 turns
 14349 | D:10     | Paralysed by a hornet for 1 turns
 14358 | D:10     | Gained mutation: Scrolls take you a little longer to read.
                  | [potion of mutation]
 14358 | D:10     | Gained mutation: You possess an exceptional clarity of
                  | mind. [potion of mutation]
 14358 | D:10     | Gained mutation: You are resistant to hostile enchantments.
                  | (MR+) [potion of mutation]
 14358 | D:10     | Gained mutation: You have large cloven feet. [potion of
                  | mutation]
 14358 | D:10     | HP: 7/145 [poisoned by a hornet]
 14574 | D:10     | Reached ** piety under the Shining One
 15364 | D:10     | Reached skill level 10 in Fighting
 15376 | D:10     | Found a staircase to the Orcish Mines.
 15444 | D:10     | Reached skill level 16 in Axes
 15676 | D:11     | Reached skill level 5 in Invocations
 15724 | D:11     | Noticed a cyan ugly thing
 15735 | D:11     | Killed a cyan ugly thing
 15828 | D:11     | Reached *** piety under the Shining One
 15956 | D:11     | Found a staircase to the Lair.
 16348 | D:11     | Noticed a cyclops
 16601 | D:11     | Killed a cyclops
 16626 | D:11     | Reached **** piety under the Shining One
 16629 | D:11     | Reached XP level 12. HP: 108/108 MP: 16/16
 18251 | D:13     | Noticed a tengu warrior
 18364 | D:12     | Reached skill level 5 in Dodging
 18656 | D:13     | Killed a tengu warrior
 18798 | D:13     | Noticed a two-headed ogre
 18801 | D:13     | The Shining One protects you from harm!
 18801 | D:13     | Splashed by an acid dragon's acid

Illustrated notes

Levels and vault maps discovered:
D:1:      psy_arrival_statuary, layout_basic
D:2:      layout_basic, serial_glass, glass_columns_a, glass_columns_a,
          uniq_robin
D:3:      layout_basic, gammafunk_ghost_necromancy,
          nicolae_qazlal_eye_of_the_storm, uniq_ijyb
D:4:      layout_cave_pools, marbit_many_paths, first_ration
D:5:      layout_loops_corners, basic_altar, minmay_misc_feat_encased,
          minmay_tree_intersection, hangedman_abyss_or_decor_lesser_grid,
          uniq_grinder
D:6:      layout_basic, biasface_ghost_orc_armoury, enter_ossuary_3
D:7:      layout_loops_ring, vehumet_statue, kennysheep_mini_moat, minitemple,
          minmay_temple_entry_purple_smoke, ebering_ghost_rock_garden,
          uniq_maggie, uniq_joseph
D:8:      layout_rooms
D:9:      layout_roguey
D:10:     layout_loops_ring, david_orc_2, hangedman_fish_farm
D:11:     layout_long_grid, erik_lair_orcish_takeover
D:12:     layout_long_grid
D:13:     layout_big_octagon, david_vaults_1, serial_shops, nicolae_shop_trees
Temple:   eino_temple_rhombus

Skill      XL: |  1  2  3  4  5  6  7  8  9 10 11 12 |
---------------+-------------------------------------+-----
Armour         | 1 2 3 4 5 7 |  7.8
Axes           | 5 6 7 8 9 11 13 15 16 | 16.5
Fighting       | 3 4 6 8 9 10 11 | 11.8
Evocations     | 2 3 5 6 |  6.3
Dodging        | 3 4 5 |  5.0
Invocations    | 2 5 7 |  7.1
Throwing       | 2 |  2.0

Action                   |  1- 3 |  4- 6 |  7- 9 | 10-12 || total
-------------------------+-------+-------+-------+-------++-------
Melee: War axe           |    85 |   181 |   501 |   445 ||  1212
       Unarmed           |       |       |       |     2 ||     2
       Battleaxe         |       |       |       |   127 ||   127
Throw: Stone             |     4 |    54 |   143 |   127 ||   328
       Dart              |       |    19 |    14 |     3 ||    36
       Throwing net      |       |       |     2 |       ||     2
       Boomerang         |       |       |       |    40 ||    40
Invok: Cleansing Flame   |       |       |       |     3 ||     3
Evoke: Wand              |       |       |     4 |     7 ||    11
  Use: Scroll            |     2 |     2 |     8 |    12 ||    24
       Potion            |       |       |       |     8 ||     8
 Stab: Held in net/web   |       |       |     3 |       ||     3
       Paralysed         |       |       |     2 |       ||     2
  Eat: Chunk             |     1 |    12 |    14 |    22 ||    49
       Ration            |       |       |     2 |     2 ||     4
Armor: Leather armour    |     3 |       |       |       ||     3
       Ring mail         |    21 |    22 |       |       ||    43
       Scale mail        |       |    25 |       |       ||    25
       Plate armour      |       |    60 |   234 |   298 ||   592
Dodge: Dodged            |    32 |    71 |   112 |   180 ||   395

Levels and vault maps discovered:
D:1:      psy_arrival_statuary, layout_basic
D:2:      layout_basic, serial_glass, glass_columns_a, glass_columns_a,
          uniq_robin
D:3:      layout_basic, gammafunk_ghost_necromancy,
          nicolae_qazlal_eye_of_the_storm, uniq_ijyb
D:4:      layout_cave_pools, marbit_many_paths, first_ration
D:5:      layout_loops_corners, basic_altar, minmay_misc_feat_encased,
          minmay_tree_intersection, hangedman_abyss_or_decor_lesser_grid,
          uniq_grinder
D:6:      layout_basic, biasface_ghost_orc_armoury, enter_ossuary_3
D:7:      layout_loops_ring, vehumet_statue, kennysheep_mini_moat, minitemple,
          minmay_temple_entry_purple_smoke, ebering_ghost_rock_garden,
          uniq_maggie, uniq_joseph
D:8:      layout_rooms
D:9:      layout_roguey
D:10:     layout_loops_ring, david_orc_2, hangedman_fish_farm
D:11:     layout_long_grid, erik_lair_orcish_takeover
D:12:     layout_long_grid
D:13:     layout_big_octagon, david_vaults_1, serial_shops, nicolae_shop_trees
Temple:   eino_temple_rhombus
